 Dungeon Crawl Stone Soup version 0.20.0-8-g6b59dc7 (webtiles) character file.

169 Jannitor the Firebug (level 5, -4/35 HPs)
             Began as a Mummy Fire Elementalist on June 2, 2017.
             Slain by a gnoll
             ... wielding a +0 whip
              (9 damage)
             ... on level 3 of the Dungeon.
             The game lasted 00:06:06 (3602 turns).

Jannitor the Firebug (Mummy Fire Elementalist)      Turns: 3602, Time: 00:06:06

Health: -4/35      AC:  3    Str: 12    XL:     5   Next: 25%
Magic:  17/18      EV: 12    Int: 15    God:
Gold:   183        SH:  0    Dex: 12    Spells: 6/10 levels left

rFire    x . .     SeeInvis .   e - +0 dagger
rCold    + . .     Gourm    .   (no shield)
rNeg     + + +     Faith    .   a - +0 robe
rPois    ∞         Spirit   .   (no helmet)
rElec    .         Reflect  .   (no cloak)
rCorr    .         Harm     .   (no gloves)
MR       .....                  l - +0 pair of boots
Stlth    ++........             (no amulet)
Regen    0.2/turn               n - ring of magical power
MPRegen  0.2/turn               (no ring)

@: no status effects
A: no food or potions, fire vulnerability, cold resistance 1, negative energy
resistance 3, torment resistance, unbreathing
a: no special abilities


You were on level 3 of the Dungeon.
You were not hungry.

You visited 1 branch of the dungeon, and saw 4 of its levels.

You collected 183 gold pieces.

Inventory:

Hand Weapons
 e - a +0 dagger (weapon)
Armour
 a - a +0 robe (worn)
 l - a +0 pair of boots (worn)
Jewellery
 n - a ring of magical power (left hand)
Scrolls
 c - a scroll of fog {unknown}
 d - 3 scrolls of identify
 f - 2 scrolls of enchant armour
 i - a scroll of immolation {unknown}
 j - a scroll of magic mapping {unknown}
 m - a scroll of recharging {unknown}
Books
 b - a book of Flames

   Spells                             Type                      Level
   a - Flame Tongue                   Conjuration/Fire             1
   b - Throw Flame                    Conjuration/Fire             2
   c - Conjure Flame                  Conjuration/Fire             3
   d - Inner Flame                    Hexes/Fire                   3
   e - Sticky Flame                   Conjuration/Fire             4
   f - Fireball                       Conjuration/Fire             5
 k - a book of Maledictions

   Spells                             Type                      Level
   a - Corona                         Hexes                        1
   b - Ensorcelled Hibernation        Hexes/Ice                    2
   c - Confuse                        Hexes                        3
   d - Tukima's Dance                 Hexes                        3
   e - Dazzling Spray                 Conjuration/Hexes            3


   Skills:
 - Level 1.5 Dodging
 - Level 1.5 Stealth
 + Level 3.3 Spellcasting
 + Level 1.0 Conjurations
 + Level 4.6 Fire Magic


You had 6 spell levels left.
You knew the following spells:

 Your Spells              Type           Power        Failure   Level  Hunger
a - Flame Tongue          Conj/Fire      ##...        6%          1    N/A
b - Dazzling Spray        Conj/Hex       #.....       43%         3    N/A

Dungeon Overview and Level Annotations

Branches:
Dungeon (4/15)
 Temple: D:4-7

Altars:

Annotations:
D:4 Glitchraptor's ghost, amateur DEAE


Innate Abilities, Weirdness & Mutations

You do not eat or drink.
Your flesh is vulnerable to fire.
You are immune to poison.
Your flesh is cold resistant. (rC+)
You are immune to negative energy. (rN+++)
You are immune to unholy pain and torment.
You can survive without breathing.


Message History

You struggle against the net.
The gnoll hits you with a whip.
You struggle against the net.
The gnoll hits you from afar with a spear!
The gnoll hits you with a whip.
* * * LOW HITPOINT WARNING * * *
You rip the net and break free!
The gnoll misses you. The gnoll hits you with a whip.
* * * LOW HITPOINT WARNING * * *
There is a stone staircase leading up here.
The gnoll barely misses you.
You climb upwards.
There is a stone staircase leading down here.
There is an escape hatch in the floor here.
Casting: Flame Tongue
Confirm with . or Enter, or press ? or * to list all spells.
Aiming: Flame Tongue
Press: ? - help, Shift-Dir - straight line, f - gnoll
Aim: a gnoll, wielding a whip The flame tongue misses the gnoll.
The gnoll hits you with a whip!
You die...

####### #####......
########...#.#####
#.....##.#.#.#...#
##.....##.#.#.#...#
#......+..%...'...'
#.@....##.#.#.#(..#
#>g....'......+...'
#......##.#.#.#...#
#......##.#.#.#...#
#.#######.#.#.#....
#.........#.#.####.
#################.....#
#. #.............#
#.#.### #.
#.###########.# #.#.###
#.


You could see a gnoll.

Vanquished Creatures
  8 adders
  A gnoll (D:4)
  An ooze (D:2)
  A worm (D:2)
  2 dart slugs (D:1)
  4 leopard geckos
  2 orcs (D:3)
  3 ball pythons (D:4)
  9 bats
  4 giant cockroaches
  8 goblins
  8 hobgoblins
  2 quokkas (D:2)
  5 frilled lizards
  A jackal skeleton (D:4)
  8 kobolds
  9 rats
76 creatures vanquished.

Notes
Turn   | Place    | Note
-------+----------+-------------------------------------------
     0 | D:1      | Jannitor the Mummy Fire Elementalist began the quest for the Orb.
     0 | D:1      | Reached XP level 1. HP: 13/13 MP: 4/4
     3 | D:1      | Noticed an electric eel
     3 | D:1      | Noticed an electric eel
   306 | D:1      | Reached XP level 2. HP: 19/19 MP: 2/5
   344 | D:1      | Reached skill level 3 in Fire Magic
  1121 | D:2      | Reached XP level 3. HP: 24/24 MP: 0/7
  2017 | D:2      | Reached skill level 4 in Fire Magic
  2199 | D:3      | Reached XP level 4. HP: 30/30 MP: 3/8
  2702 | D:3      | Learned a level 3 spell: Dazzling Spray
  3222 | D:4      | Reached XP level 5. HP: 35/35 MP: 7/9
  3225 | D:4      | Reached skill level 1 in Conjurations
  3414 | D:4      | Noticed Glitchraptor's ghost (amateur DEAE)
  3602 | D:3      | Slain by a gnoll

Skill      XL: |  1  2  3  4  5 |
---------------+----------------+-----
Fire Magic     | 3 4 |  4.6
Spellcasting   | 3 |  3.3
Conjurations   | 1 |  1.0
Dodging        | |  1.5
Stealth        | |  1.5

Action                   |  1- 3 |  4- 6 || total
-------------------------+-------+-------++-------
Melee: Unarmed           |     3 |       ||     3
       Dagger            |    15 |     1 ||    16
 Cast: Flame Tongue      |    78 |    59 ||   137
  Use: Scroll            |       |     3 ||     3
Armor: Robe              |     7 |     5 ||    12
Dodge: Dodged            |    30 |    18 ||    48
